 Dungeon Crawl Stone Soup version 0.30-a0-263-ge22c4ad894 (webtiles) character file.

Game seed: 1929155187304711081

455 sscrono2 the Insei (level 7, -4/46 HPs)
             Began as an Octopode Monk on Oct 13, 2022.
             Was a Believer of Cheibriados.
             Slain by a gnoll
             ... wielding a +0 spear
             ... led by a gnoll sergeant
              (6 damage)
             ... on level 4 of the Dungeon.
             The game lasted 00:07:16 (3832 turns).

sscrono2 the Insei (Octopode Monk)                  Turns: 3832, Time: 00:07:17

Health: -4/46      AC:  1    Str: 16    XL:     7   Next: 5%
Magic:  7/7        EV: 14    Int: 17    God:    Cheibriados [**....]
Gold:   201        SH:  0    Dex: 18    Spells: 6/6 levels left

rFire   . . .      SeeInvis .    q - +7 spear of Embarrassment {vorpal, rElec rC+}
rCold   + . .      Faith    .    (no shield)
rNeg    . . .      Spirit   .    (helmet restricted)
rPois   .          Reflect  .    (no amulet)
rElec   +          Harm     .    (no ring)
rCorr   .          Rampage  .    (no ring)
Will    .....                    (no ring)
Stlth   +++.......               (no ring)
HPRegen 0.27/turn                (no ring)
MPRegen 0.10/turn                (no ring)
                                 (no ring)
                                 (no ring)

@: about to teleport, very slow
A: almost no armour, amphibious, 8 rings, camouflage 1, gelatinous body 1,
(nimble swimmer 1), tentacles
a: Renounce Religion, Bend Time


You were on level 4 of the Dungeon.
You worshipped Cheibriados.
Cheibriados was pleased with you.
You visited 2 branches of the dungeon, and saw 5 of its levels.

You collected 201 gold pieces.

Inventory:

Hand Weapons
 q - the +7 spear of Embarrassment (weapon) {vorpal, rElec rC+}
   (You found it on level 4 of the Dungeon)

   It inflicts extra damage upon your enemies.
   rC:        It protects you from cold.
   rElec:     It insulates you from electricity.
Scrolls
 c - a scroll of amnesia
 f - a scroll of vulnerability
 g - a scroll of brand weapon
 j - 2 scrolls of enchant weapon
 k - a scroll of immolation
 o - a scroll of magic mapping
Potions
 a - a potion of ambrosia
 b - 3 potions of magic {unknown}
 d - a potion of mutation {unknown}
 e - a potion of lignification
 h - a potion of flight {unknown}
 l - 2 potions of curing
 m - a potion of heal wounds {unknown}
 p - 2 potions of haste {unknown}
 r - a potion of attraction {unknown}


   Skills:
 - Level 3.0 Fighting
 - Level 3.0 Dodging
 - Level 2.6 Stealth
 + Level 7.7 Unarmed Combat


You had 6 spell levels left.
You didn't know any spells.
Your spell library contained the following spells:

 Spells                   Type           Power      Damage    Failure   Level
 Gell's Gravitas          Tloc           0%         N/A       56%         3
 Lesser Beckoning         Tloc           0%         N/A       56%         3
 Teleport Other           Tloc           0%         N/A       56%         3


Dungeon Overview and Level Annotations

Branches:
Dungeon (4/15)             Temple (1/1) D:4

Altars:
Ashenzari
Cheibriados
Dithmenos
Elyvilon
Fedhas
Gozag
Hepliaklqana
Nemelex Xobeh
Okawaru
Qazlal
Ru
Sif Muna
Trog
Uskayaw
Vehumet
Xom
Yredelemnul
Zin
The Shining One


Innate Abilities, Weirdness & Mutations

You cannot wear most types of armour.
You are amphibious.
You can wear up to eight rings at the same time.
Your skin changes colour to match your surroundings (Stealth+).
Your rubbery body absorbs attacks. (AC +1, EV +1)
((You are camouflaged when in or above water. (Stealth+)))
You have tentacles for arms and can constrict up to eight enemies at once.


Message History

The gnoll shouts!
You hit the gnoll sergeant.
The gnoll sergeant is lightly wounded.
The gnoll sergeant misses you.
You reach to attack!
You hit the gnoll sergeant.
The gnoll sergeant is moderately wounded.
The gnoll sergeant hits you from afar with a +2 spear of flaming!
The gnoll sergeant burns you.
You are too injured to fight recklessly!
Unknown command.
You are too injured to fight recklessly!
The gnoll sergeant completely misses you.
The gnoll hits you with a +0 whip. The gnoll sergeant closely misses you.
The gnoll barely misses you.
Blink to where?
Press: ? - help, Dir - move target, p - gnoll sergeant
Okay, then.
Really quaff the potion of lignification?
You would drown in your new form.
Unknown command.
Blink to where?
Press: ? - help, Dir - move target, p - gnoll sergeant
As you read the scroll of blinking, it crumbles to dust.
Okay, then.
As you read the scroll labelled SOCZAOC GOMNO, it crumbles to dust.
It is a scroll of enchant weapon.
You aren't carrying any weapons that can be enchanted.
As you read the scroll labelled UKHLEU GIFO, it crumbles to dust.
The creatures around you are filled with an inner flame!
It was a scroll of immolation.
As you read the scroll labelled EVAQAD KENE, it crumbles to dust.
You feel aware of your surroundings.
It was a scroll of magic mapping.
As you read the scroll labelled ETIZUT ETSENK, it crumbles to dust.
You feel strangely unstable.
It was a scroll of teleportation.
The gnoll sergeant hits you from afar with a +2 spear of flaming!
* * * LOW HITPOINT WARNING * * *
The gnoll sergeant burns you.
* * * LOW HITPOINT WARNING * * *
The gnoll hits you from afar with a +0 spear.
You die...

....##........#..........###.##..
.....##....).##..........##...###
..#.......)..............#..(...#
#.#....)...[.........#..........#
###...............(#.#...........
#.##..............##.............
..................##.............
#.#....##.#........#.............
#.##...####.....@................
###....# ##...g...##.........#...
#......###..g.g..#####.......####
#............g.......#...##.#####
#...#..#....g#..........###.###.#
#≈≈≈≈g≈≈≈≈...#....#......##......
#≈##≈.≈##≈...##.###.........#....
#≈###'###≈....#.#####.....####...
#≈≈#gg.#≈≈.........#.....#####...


You could see a gnoll sergeant (inner flame) and 4 gnolls.

Vanquished Creatures
  An ogre (D:4)
  A scorpion (D:4)
  2 orc priests (D:4)
  A jelly (D:4)
  2 orc wizards
  8 adders
  2 worms (D:2)
  14 orcs
  9 ball pythons
  9 endoplasms
  2 giant cockroaches
  6 goblins
  9 hobgoblins
  3 quokkas
  6 bats
  4 frilled lizards
  10 kobolds
  7 rats
  A spectral hobgoblin (D:4)
97 creatures vanquished.

Notes
Turn   | Place    | Note
-------+----------+-------------------------------------------
     0 | D:1      | sscrono2 the Octopode Monk began the quest for the Orb.
     0 | D:1      | Reached XP level 1. HP: 16/16 MP: 1/1
    99 | D:1      | Reached XP level 2. HP: 20/21 MP: 2/2
   728 | D:2      | Reached skill level 4 in Unarmed Combat
   819 | D:2      | Reached XP level 3. HP: 26/26 MP: 3/3
  1032 | D:2      | Found a glowing silver altar of Zin.
  1567 | D:2      | Reached XP level 4. HP: 24/31 MP: 4/4
  1652 | D:2      | Reached skill level 5 in Unarmed Combat
  1763 | D:3      | Reached XP level 5. HP: 33/36 MP: 5/5
  2080 | D:3      | Reached skill level 6 in Unarmed Combat
  2418 | D:3      | Found a faded altar of an unknown god.
  2542 | D:3      | Found a basalt altar of Yredelemnul.
  2622 | D:3      | Found a white marble altar of Elyvilon.
  2622 | D:3      | Found a shimmering blue altar of Sif Muna.
  2624 | D:3      | Found a glowing silver altar of Zin.
  2624 | D:3      | Found a sacrificial altar of Ru.
  2821 | D:4      | Identified the +7 spear of Embarrassment {vorpal, rElec
                  | rC+}
  2917 | D:4      | Reached XP level 6. HP: 33/42 MP: 6/6
  3019 | D:4      | Reached skill level 7 in Unarmed Combat
  3390 | D:4      | Found a staircase to the Ecumenical Temple.
  3400 | Temple   | Entered the Ecumenical Temple
  3589 | Temple   | Became a worshipper of Cheibriados the Contemplative
  3589 | Temple   | Reached * piety under Cheibriados
  3589 | Temple   | Reached ** piety under Cheibriados
  3637 | D:4      | Reached XP level 7. HP: 46/46 MP: 7/7
  3690 | D:4      | Found a hazy altar of Hepliaklqana.
  3714 | D:4      | Found a broken altar of Ashenzari.
  3717 | D:4      | Identified the +8 trident of Hatred {protect, rC- rN+
                  | rCorr}
  3720 | D:4      | Found a stormy altar of Qazlal.
  3725 | D:4      | Found a shimmering altar of Xom.
  3832 | D:4      | HP: 2/46 [gnoll sergeant/+2 spear of flaming (6)]
  3832 | D:4      | Slain by a gnoll

Illustrated notes

Levels and vault maps discovered:
D:1:      co_arrival_random_square_maze, layout_loops_cross
D:2:      minmay_skewed_foursquare, layout_loops_ring, basic_altar
D:3:      minmay_razor_zed, layout_loops_ring, mainiacjoe_overflow_alcove_3,
          lemuel_doored_altar, dreamdust_ecumenical_altar_grove,
          kennysheep_generic_room_11
D:4:      layout_cave_pools, grunt_temple_overflow_diamond,
          nicolae_hepliaklqana_monster_ancestors, minmay_temple_entry_poolview,
          lightli_minifort
Temple:   zaba_magenta_temple

Skill      XL: |  1  2  3  4  5  6 |
---------------+-------------------+-----
Unarmed Combat | 4 5 6 7 |  7.7
Fighting       | |  3.0
Dodging        | |  3.0
Stealth        | |  2.6

Action                   |  1- 3 |  4- 6 |  7- 9 || total
-------------------------+-------+-------+-------++-------
Melee: Unarmed           |    66 |    89 |     2 ||   157
       Constrict         |    14 |    25 |     1 ||    40
       Tentacles         |     9 |    24 |     2 ||    35
       Punch             |     5 |     3 |       ||     8
       Spear             |       |    22 |     3 ||    25
  Use: Scroll            |     3 |     3 |     5 ||    11
       Potion            |       |     1 |       ||     1
 Stab: Sleeping          |    13 |    11 |     1 ||    25
Armor: Skin              |     2 |     4 |       ||     6
Dodge: Dodged            |    28 |    58 |     4 ||    90

Table legend: (Time is in decaauts)
 A = Elapsed time spent in this place.
 B = Non-inter-level travel time spent in this place.
 C = Inter-level travel time spent in this place.
 D = Time resting spent in this place.
 E = Time spent auto-exploring this place.
 F = Levels seen in this place.
 G = Mean time per level.
                   A        B        C        D        E       F      G
               +--------+--------+--------+--------+--------+-----+--------+
         Total |   3900 |   3723 |    177 |    151 |   2826 |   5 |  780.0 |
       Dungeon |   3689 |   3533 |    156 |    151 |   2776 |   4 |  922.2 |
        Temple |    211 |    190 |     21 |      0 |     50 |   1 |  211.0 |
               +--------+--------+--------+--------+--------+-----+--------+

Top non-repeatable levels by time:
     D:3: 1086 daAuts
     D:2: 1006 daAuts
     D:4: 880 daAuts
     D:1: 714 daAuts
  Temple: 211 daAuts
